 Dungeon Crawl Stone Soup version 0.17-a0-764-gd40c196 (webtiles) character file.

2156 Noshyer the Cleaver (level 9, -4/121 HPs)
             Began as a Deep Dwarf Berserker on Apr 23, 2015.
             Was a Believer of Trog.
             Slain by an orc warrior
             ... wielding a +0 scimitar
              (7 damage)
             ... on level 7 of the Dungeon.
             The game lasted 00:27:37 (5243 turns).

Noshyer the Cleaver (Deep Dwarf Berserker)          Turns: 5243, Time: 00:27:37

Health: -4/121     AC:  8    Str: 27      XL:     9   Next: 10%
Magic:  9/9        EV: 16    Int:  9      God:    Trog [**....]
Gold:   99         SH:  0    Dex: 11 (13) Spells: 0 memorised, 8 levels left

rFire  . . .     SeeInvis .     G - +1 war axe (flame)
rCold  . . .     Clarity  .     b - +1 animal skin
rNeg   . . .     SustAb   .     (no shield)
rPois  .         Gourm    .     s - +2 hat
rElec  .         Spirit   .     (no cloak)
rCorr  .         Warding  .     i - +2 pair of gloves
rMut   .         Stasis   .     (no boots)
MR     ++...                    (no amulet)
Stlth  ..........               g - ring of protection from magic (curse)
                                l - +2 ring of evasion (curse)

@: berserking, non-regenerating, very quick, very resistant to hostile
enchantments, extremely unstealthy
A: damage resistance, recharge devices, sense surroundings 2, slow healing 3
a: Device Recharging, Burn Spellbooks, Berserk, Trog's Hand, Renounce Religion


You were on level 7 of the Dungeon.
You worshipped Trog.
Trog was pleased with you.
You were not hungry.

You visited 2 branches of the dungeon, and saw 8 of its levels.
You also visited: Ossuary.

You collected 313 gold pieces.
You spent 214 gold pieces at shops.

Inventory:

Hand weapons
 a - a +1 hand axe
 G - a +1 war axe of flaming (weapon)
Missiles
 v - 2 javelins of penetration
 H - a throwing net (quivered)
Armour
 b - a +1 animal skin (worn)
 i - a +2 pair of gloves (worn)
 s - a +2 hat (worn)
 I - a +0 helmet
Jewellery
 g - a cursed ring of protection from magic (right hand)
 j - a +3 ring of dexterity
 l - a cursed +2 ring of evasion (left hand)
Magical devices
 c - a wand of heal wounds (3)
 t - a wand of frost (27)
 w - a wand of fire (8)
Scrolls
 o - 2 scrolls of teleportation
 r - a scroll of enchant weapon
 x - 2 scrolls of identify {unknown}
 y - a scroll of vulnerability {unknown}
 z - 2 scrolls of blinking {unknown}
 C - 2 scrolls of magic mapping
 J - a scroll of remove curse
Potions
 e - 2 potions of agility
 k - a potion of invisibility {unknown}
 n - 2 potions of curing {unknown}
 p - a potion of magic {unknown}
 q - 2 potions of haste {unknown}
 A - 5 potions of degeneration {unknown}
 B - 5 potions of heal wounds {unknown}
 D - a potion of cancellation {unknown}
 E - a potion of restore abilities {unknown}
 F - a potion of mutation {unknown}
Books
 f - a book of Clouds

   Spells                             Type                      Level
   a - Mephitic Cloud                 Conjuration/Poison/Air       3
   b - Conjure Flame                  Conjuration/Fire             3
   c - Poisonous Cloud                Conjuration/Poison/Air       6
   d - Freezing Cloud                 Conjuration/Ice/Air          6
   e - Ring of Flames                 Charms/Fire                  7
   Trog disapproves of the use of such an item.
Comestibles
 d - 8 bread rations
 h - 2 slices of pizza
 u - a beef jerky


   Skills:
 + Level 5.6 Fighting
 * Level 8.9 Axes
 + Level 6.3 Armour
 + Level 6.2 Dodging


You had 8 spell levels left.
You didn't know any spells.

Dungeon Overview and Level Annotations

Branches:
Dungeon (7/15)             Temple (1/1) D:4

Altars:
Cheibriados
Elyvilon
Makhleb
Okawaru
Vehumet
Xom
Yredelemnul

Shops:
D:4 [


Innate Abilities, Weirdness & Mutations

You are resistant to damage.
You can recharge devices by infusing magical energy.
You passively map the area around you.
You do not heal naturally.


Message History

* * * LOW HITPOINT WARNING * * *
You hit the orc warrior. You burn the orc warrior.
The orc warrior is lightly wounded.
You hit the orc warrior but do no damage.
The orc warrior is lightly wounded.
The orc warrior hits you with a scimitar!
* * * LOW HITPOINT WARNING * * *
You barely miss the orc warrior.
The orc warrior is lightly wounded.
The orc warrior closely misses you.
You barely miss the orc warrior.
The orc warrior is lightly wounded.
You barely miss the orc warrior.
The orc warrior is lightly wounded.
The orc warrior hits you with a scimitar!
* * * LOW HITPOINT WARNING * * *
You hit the orc warrior. You burn the orc warrior.
The orc warrior is heavily wounded.
The orc warrior hits you with a scimitar!
You die...

*### * ** #...
* * ,* * ,
,,+...+ , *,,,+
, , #...#+## *
#.o....# *, ,,*
*+##......# * ,
.......)†.####
., * * ##o....#
. , , , *
#@.....# .# , ,
,, ,
#...(..##.# , ,
, * ,* ,
+.........+ ,
,, , ,* *
##..##....# , *
,,, ##+##.##+#
#..#..##.##..*
, *
,#..#.........#
, *, *,
#..'..##.##..#
,,,
+..#..##+##..#


You could see an orc warrior.

Vanquished Creatures
  Pikel (D:5)
  A centaur skeleton (D:5)
  A sky beast (D:4)
  3 ogres
  2 centaurs
  A giant frog (D:6)
  A quasit (D:5)
  2 crimson imps (D:5)
  A jelly (D:5)
  3 hounds
  4 orc wizards
  2 orc priests
  A human zombie (Ossuary)
  2 worker ants
  An iguana (D:5)
  2 big kobold zombies (Ossuary)
  5 mummies (Ossuary)
  A worker ant zombie (D:5)
  5 adders
  4 gnolls
  2 oozes
  An adder skeleton (D:5)
  4 worms
  6 giant geckos
  15 orcs
  A ball python (D:3)
  7 bats
  12 hobgoblins
  8 jackals
  7 kobolds
  7 giant cockroaches
  4 giant newts (D:2)
  A giant spore (D:6)
  2 gnoll zombies (Ossuary)
  11 goblins
  2 goblin zombies
  A kobold zombie (Ossuary)
  An orc zombie (Ossuary)
  A quokka zombie (D:4)
  11 rats
  2 ballistomycetes (D:6)
149 creatures vanquished.

Vanquished Creatures (others)
  A slave (D:5)
  2 gnolls (D:5)
  2 giant cockroaches (D:5)
5 creatures vanquished.

Grand Total: 154 creatures vanquished

Notes
Turn   | Place    | Note
--------------------------------------------------------------
     0 | D:1      | Noshyer, the Deep Dwarf Berserker, began the quest for the Orb.
     0 | D:1      | Reached XP level 1. HP: 20/20 MP: 1/1
    89 | D:1      | Reached XP level 2. HP: 22/27 MP: 2/2
   422 | D:1      | Acquired Trog's second power
   452 | D:1      | Reached skill level 4 in Axes
   854 | D:1      | Reached XP level 3. HP: 25/33 MP: 3/3
  1227 | D:2      | Found a burning altar of Makhleb.
  1629 | D:3      | Reached XP level 4. HP: 32/42 MP: 4/4
  1759 | D:3      | Found a white marble altar of Elyvilon.
  2262 | D:4      | Found an iron altar of Okawaru.
  2405 | D:4      | Reached XP level 5. HP: 37/49 MP: 5/5
  2443 | D:4      | Found a sand-covered staircase.
  2451 | Ossuary  | Entered an ossuary
  2478 | Ossuary  | Reached skill level 5 in Axes
  2736 | Ossuary  | Reached XP level 6. HP: 17/57 MP: 6/6
  2895 | D:4      | Found Buawk's Armour Shop.
  2914 | D:4      | Found a staircase to the Ecumenical Temple.
  2926 | Temple   | Entered the Ecumenical Temple
  3343 | D:5      | Entered Level 5 of the Dungeon
  3572 | D:5      | Found a shimmering altar of Xom.
  3573 | D:5      | Noticed a centaur skeleton
  3583 | D:5      | Reached skill level 6 in Axes
  3591 | D:5      | Killed a centaur skeleton
  3591 | D:5      | Reached XP level 7. HP: 37/66 MP: 7/7
  3747 | D:4      | Bought a +2 pair of gloves for 214 gold pieces
  3837 | D:5      | Reached skill level 7 in Axes
  3837 | D:5      | Reached skill level 5 in Armour
  3837 | D:5      | Reached XP level 8. HP: 34/73 MP: 8/8
  3921 | D:5      | Noticed Pikel
  3933 | D:5      | Reached skill level 5 in Dodging
  3968 | D:5      | Killed Pikel
  3968 | D:5      | Reached skill level 5 in Fighting
  3968 | D:5      | Reached skill level 8 in Axes
  4181 | D:5      | Found a basalt altar of Yredelemnul.
  5002 | D:6      | Gained mutation: You passively map the area around you. [Deep Dwarf growth]
  5002 | D:6      | Reached XP level 9. HP: 41/81 MP: 9/9
  5088 | D:6      | Found a radiant altar of Vehumet.
  5242 | D:7      | HP: 3/121 [orc warrior/scimitar (4)]
  5243 | D:7      | Slain by an orc warrior

Action                   |  1- 3 |  4- 6 |  7- 9 || total
-------------------------+-------+-------+-------++-------
Melee: Hand axe          |   133 |   226 |   171 ||   530
       War axe           |       |       |    27 ||    27
Throw: Throwing net      |       |       |     2 ||     2
       Javelin           |       |       |     1 ||     1
Invok: Trog's Hand       |     3 |     9 |     8 ||    20
       Berserk           |     2 |     9 |     9 ||    20
Evoke: Wand              |       |     1 |     1 ||     2
  Use: Scroll            |       |    10 |     2 ||    12
       Potion            |       |       |     2 ||     2
 Stab: Sleeping          |     1 |       |       ||     1
  Eat: Chunk             |     4 |    15 |    11 ||    30
       Fruit             |       |     2 |       ||     2
       Meat ration       |       |       |     1 ||     1
